 Dungeon Crawl Stone Soup version 0.20-a0-739-g6bb112f (webtiles) character file.

1263 useraccount the Martial Artist (level 8, 0/58 HPs)
             Began as a Demonspawn Monk on Feb 25, 2017.
             Slain by a wight
             ... wielding a cursed +2 great sword
              (3 damage)
             ... on level 6 of the Dungeon.
             The game lasted 00:06:39 (6475 turns).

useraccount the Martial Artist (Demonspawn Monk)    Turns: 6475, Time: 00:06:39

Health: 0/58       AC:  5    Str: 13    XL:     8   Next: 27%
Magic:  0/8        EV: 14    Int: 12    God:
Gold:   178        SH:  0    Dex: 16    Spells: 7/7 levels left

rFire    . . .     SeeInvis .     - Unarmed
rCold    . . .     Gourm    .   t - +0 ring mail (curse)
rNeg     . . .     Faith    .   (no shield)
rPois    .         Spirit   +   (no helmet)
rElec    .         Reflect  .   (no cloak)
rCorr    +         Harm     .   (no gloves)
MR       .....                  (no boots)
Stlth    ++........             (no amulet)
Regen    0.2/turn               (no ring)
MPRegen  0.3/turn               q - ring of resist corrosion (curse)

@: starving, heavily drained
A: repulsion field 2, demonic guardian 1, magic shield, magic regeneration,
magic link
a: no special abilities


You were on level 6 of the Dungeon.
You were starving.

You visited 1 branch of the dungeon, and saw 6 of its levels.

You collected 178 gold pieces.

Inventory:

Armour
 t - a cursed +0 ring mail (worn)
Jewellery
 d - an uncursed ring of fire
 q - a cursed ring of resist corrosion (left hand)
Scrolls
 a - 8 scrolls of remove curse {unknown}
 f - a scroll of fog {unknown}
 g - a scroll of amnesia {unknown}
 i - 7 scrolls of identify {unknown}
 l - 3 scrolls of teleportation {unknown}
 n - 2 scrolls of blinking {unknown}
 o - 3 scrolls of magic mapping {unknown}
 r - a scroll of enchant weapon {unknown}
Potions
 c - a potion of invisibility {unknown}
 e - a potion of magic {unknown}
 h - a potion of cancellation {unknown}
 j - 2 potions of agility {unknown}
 k - a potion of might {unknown}
 p - a potion of mutation {unknown}
 s - 2 potions of heal wounds {unknown}
Comestibles
 b - 4 bread rations
 m - 3 meat rations


   Skills:
 - Level 3.0(1.8) Fighting
 - Level 3.0(1.8) Armour
 - Level 3.0(1.8) Dodging
 - Level 4.0(2.8) Stealth
 * Level 8.2(6.9) Unarmed Combat


You had 7 spell levels left.
You didn't know any spells.

Dungeon Overview and Level Annotations

Branches:
Dungeon (6/15)
 Temple: D:4-7

Altars:
Cheibriados
Ru
Sif Muna

Annotations:
D:3 useraccount's ghost, amateur HuMo


Innate Abilities, Weirdness & Mutations

You are surrounded by a moderate repulsion field. (EV +3)
A weak demonic guardian rushes to your aid.
When hurt, damage is shared between your health and your magic reserves.
You regenerate magic rapidly.
When low on magic, you restore magic in place of health.


Message History

Your ufetubus completely misses the wight.
Your ufetubus barely misses the wight.
The hound barely misses you.
You barely miss the wight.
The wight is almost destroyed.
Your ufetubus hits the wight but does no damage.
Your ufetubus barely misses the wight.
The hound completely misses you. The wight barely misses you.
You hit the wight but do no damage.
The wight is almost destroyed.
Your ufetubus hits the wight but does no damage.
Your ufetubus barely misses the wight.
The hound misses you.
Your ufetubus hits the wight but does no damage. x2
You barely miss the wight.
The wight is almost destroyed.
The hound bites you.
* * * LOW HITPOINT WARNING * * *
The wight hits you with an enchanted great sword!
* * * LOW HITPOINT WARNING * * *
You feel drained.
You die...

###..... # ##......# .
#. ###......#
#.##.####.!......##
.........[.......###
#.##....#.......#..!. #.
..................# ##.
.##
.#####.##........##....
... #.###.@z5...... ..
## #.# ##h<....###
#.##### #.#
####..######.#.... #.#
#.##........#.[ #.# #.#
##.....###. #.# #.#
#.....# #.
#.#######.####.....###.
#.......#.#............
########.#.#............


You could see a hound, a wight and a friendly ufetubus.

Vanquished Creatures
  The ghost of blank1 the Spear-Bearer, an amateur MfGl (D:5)
  Sigmund (D:3)
  A phantom (D:6)
  An ice beast (D:5)
  A sky beast (D:6)
  A centaur (D:5)
  A scorpion (D:4)
  A wight (D:6)
  2 crimson imps
  3 hounds (D:4)
  An orc priest (D:5)
  An orc wizard (D:5)
  3 iguanas (D:4)
  A worker ant (D:4)
  A mummy (D:6)
  3 adders
  A shadow imp (D:6)
  2 oozes
  An adder skeleton (D:5)
  An adder zombie (D:5)
  A worm (D:3)
  A dart slug (D:1)
  3 leopard geckos
  An orc (D:4)
  18 bats
  6 giant cockroaches
  8 goblins
  2 hobgoblins
  6 jackals
  7 kobolds
  2 quokkas
  2 ball pythons
  7 frilled lizards
  11 rats
103 creatures vanquished.

Vanquished Creatures (collateral kills)
  An ogre (D:4)
  Ijyb (D:3)
  An orc (D:5)
  A giant cockroach (D:5)
  A rat (D:3)
5 creatures vanquished.

Grand Total: 108 creatures vanquished

Notes
Turn   | Place    | Note
-------+----------+-------------------------------------------
     0 | D:1      | useraccount the Demonspawn Monk began the quest for the Orb.
     0 | D:1      | Reached XP level 1. HP: 18/18 MP: 1/1
   165 | D:1      | Gained mutation: A weak demonic guardian rushes to your aid. [demonic ancestry]
   165 | D:1      | Reached XP level 2. HP: 17/24 MP: 2/2
   279 | D:1      | Reached skill level 3 in Unarmed Combat
   477 | D:1      | Gained mutation: You are surrounded by a mild repulsion field. (EV +2) [demonic ancestry]
   477 | D:1      | Reached XP level 3. HP: 14/29 MP: 3/3
  1292 | D:2      | Reached skill level 1 in Armour
  1396 | D:2      | Found a sacrificial altar of Ru.
  1402 | D:2      | Gained mutation: You are surrounded by a moderate repulsion field. (EV +3) [demonic ancestry]
  1402 | D:2      | Reached XP level 4. HP: 35/35 MP: 4/4
  1894 | D:3      | Noticed Ijyb
  1912 | D:3      | Noticed useraccount's ghost (amateur HuMo)
  1915 | D:3      | Killed Ijyb
  2615 | D:3      | Noticed Sigmund
  2625 | D:3      | Killed Sigmund
  2625 | D:3      | Reached skill level 4 in Unarmed Combat
  2625 | D:3      | Reached XP level 5. HP: 22/41 MP: 5/5
  3140 | D:4      | Gained mutation: When hurt, damage is shared between your health and your magic reserves. [demonic ancestry]
  3140 | D:4      | Reached XP level 6. HP: 29/47 MP: 6/6
  3367 | D:4      | Reached skill level 5 in Unarmed Combat
  4523 | D:4      | Gained mutation: You regenerate magic rapidly. [demonic ancestry]
  4523 | D:4      | Reached XP level 7. HP: 42/52 MP: 4/7
  4590 | D:5      | Entered Level 5 of the Dungeon
  4796 | D:5      | Reached skill level 6 in Unarmed Combat
  4884 | D:5      | Noticed blank1's ghost (amateur MfGl)
  5263 | D:5      | Killed blank1's ghost
  5263 | D:5      | Reached skill level 7 in Unarmed Combat
  5693 | D:5      | Found a deep blue altar of Sif Muna.
  5714 | D:5      | Gained mutation: When low on magic, you restore magic in place of health. [demonic ancestry]
  5714 | D:5      | Reached XP level 8. HP: 58/58 MP: 8/8
  6174 | D:6      | Found a snail-covered altar of Cheibriados.
  6226 | D:6      | Reached skill level 8 in Unarmed Combat
  6271 | D:6      | HP: 1/58 [wight/enchanted great sword (9)]
  6475 | D:6      | Slain by a wight

Vault maps used:
D:1:      dpeg_arrival_subterranean_lakeside_camping
D:2:      nicolae_ru_awakened_eye
D:3:      first_bread, minivault_25, uniq_sigmund, uniq_iyjb
D:5:      led_sif_pool
D:6:      slow_altar_1, nicolae_overflow_crystal_walls,
          kennysheep_generic_room_11

Skill      XL: |  1  2  3  4  5  6  7  8 |
---------------+-------------------------+-----
Stealth        | 2 3 4 |  4.0
Unarmed Combat | 3 4 5 7 8 |  8.2
Dodging        | 3 |  3.0
Armour         | 1 2 3 |  3.0
Fighting       | |  3.0

Action                   |  1- 3 |  4- 6 |  7- 9 || total
-------------------------+-------+-------+-------++-------
Melee: Unarmed           |   176 |   237 |   196 ||   609
       Punch             |     3 |     6 |     7 ||    16
 Stab: Sleeping          |    10 |     3 |     1 ||    14
       Distracted        |       |       |     2 ||     2
  Eat: Chunk             |     2 |    10 |     4 ||    16
Armor: Robe              |     7 |       |       ||     7
       Leather armour    |    47 |    26 |       ||    73
       Ring mail         |       |     9 |    32 ||    41
Dodge: Dodged            |   199 |   170 |   112 ||   481
